 Dungeon Crawl Stone Soup version 0.30-a0-439-g9e77e4d916 (webtiles) character file.

Game seed: 9219895137490658737

163 NinjaNoafa the Ogre Mage (level 5, -4/53 HPs)
             Began as an Ogre Transmuter on Dec 11, 2022.
             Slain by a sixfirhy (11 damage)
             ... on level 1 of the Abyss.
             The game lasted 00:04:06 (2964 turns).

NinjaNoafa the Ogre Mage (Ogre Transmuter)          Turns: 2964, Time: 00:04:07

Health: -4/53      AC:  7    Str: 14    XL:     5   Next: 44%
Magic:  10/10      EV: 10    Int: 16    God:
Gold:   140        SH:  0    Dex:  9    Spells: 8/11 levels left

rFire   . . .      SeeInvis .      - Unarmed
rCold   . . .      Faith    .    (no shield)
rNeg    . . .      Spirit   .    a - +0 robe
rPois   .          Reflect  .    (helmet restricted)
rElec   .          Harm     .    (no cloak)
rCorr   .          Rampage  .    (gloves unavailable)
Will    .....                    (boots unavailable)
Stlth   +.........               (no amulet)
HPRegen 0.28/turn                t - +4 ring of protection
MPRegen 0.12/turn                (no ring)

@: no status effects
A: large, unfitting armour, tough skin 1
a: no special abilities


You were on level 1 of the Abyss.
You visited 1 branch of the dungeon, and saw 3 of its levels.
You visited the Abyss 1 time.

You collected 140 gold pieces.

Inventory:

Missiles
 c - 35 stones
 k - 2 curare-tipped darts
 o - 5 poisoned darts
 p - 3 boomerangs of dispersal
 r - 4 boomerangs
Armour
 a - a +0 robe (worn)
Jewellery
 b - a +6 ring of dexterity
 t - a +4 ring of protection (left hand)
Wands
 h - a wand of charming (1)
Scrolls
 d - a scroll of torment {unknown}
 g - 2 scrolls of identify {unknown}
 i - 2 scrolls of fog {unknown}
 j - a scroll of magic mapping {unknown}
 s - a scroll of teleportation {unknown}
Potions
 e - a potion of attraction {unknown}
 f - a potion of cancellation {unknown}
 l - 3 potions of mutation {unknown}
 m - a potion of haste {unknown}
 n - a potion of curing {unknown}
 q - a potion of heal wounds {unknown}


   Skills:
 - Level 3.0 Fighting
 - Level 3.0 Dodging
 - Level 3.0 Unarmed Combat
 + Level 3.6 Spellcasting
 + Level 2.8 Transmutations


You had 8 spell levels left.
You knew the following spells:

 Your Spells              Type           Power      Damage    Failure   Level
a - Beastly Appendage     Tmut           24%        N/A       5%          1
b - Wereblood             Tmut           12%        N/A       9%          2

Your spell library contained the following spells:

 Spells                   Type           Power      Damage    Failure   Level
 Apportation              Tloc           4%         N/A       19%         1
 Kiss of Death            Conj/Necr      8%         2d6       19%         1
 Necrotise                Necr           8%         1d4       19%         1
 Shock                    Conj/Air       8%         1d3       19%         1
 Summon Small Mammal      Summ           8%         N/A       19%         1
 Spider Form              Tmut/Pois      7%         N/A       28%         3
 Confusing Touch          Hex            2%         N/A       47%         3
 Swiftness                Air            2%         N/A       47%         3
 Vampiric Draining        Necr           2%         2d6       47%         3
 Ice Form                 Ice/Tmut       7%         N/A       67%         4
 Airstrike                Air            1%         2d(1-17)  87%         4
 Dispel Undead            Necr           2%         3d7       87%         4
 Agony                    Necr           2%         N/A       99%         5


Dungeon Overview and Level Annotations

Branches:
Dungeon (3/15)

Altars:
Dithmenos
Uskayaw


Innate Abilities, Weirdness & Mutations

You are too large for most types of armour.
You have tough skin. (AC +1)


Message History

Your movement speed is average.
Your attack delay is about 0.9.
Your damage rating with unarmed combat is about 6 (Base [3 + 3 (UC)] x 110% (Str) x 105% (Fight)).
You barely miss the gnoll. You claw the gnoll.
You headbutt the gnoll, but do no damage.
The gnoll is severely wounded.
A gnoll comes into view. It is wielding a +0 spear.
The gnoll hits you but does no damage.
You barely miss the gnoll.
The gnoll is severely wounded.
The gnoll hits you with a +0 spear.
You hit the gnoll. Your kick misses the gnoll.
The gnoll is almost dead.
The gnoll hits you with a +0 spear.
You closely miss the gnoll.
The gnoll is almost dead.
Your transformation is almost over.
The gnoll hits you with a +0 spear.
You hit the gnoll.
You feel a bit better.
You kill the gnoll!
The gnoll hits you from afar with a +0 spear of distortion.
Space warps around you.
The gnoll hits you with a +0 spear of distortion!
You are cast into the Abyss!
This branch contains the abyssal rune of Zot.
You howl as the wereblood boils in your veins!
Your primal bloodlust is almost over.
Your horns disappear.
Your talons disappear.
Your primal bloodlust has ended.
Magic restored.
A sixfirhy comes into view.
The sixfirhy closely misses you. The sixfirhy barely misses you.
The sixfirhy hits you. The sixfirhy shocks you!
The sixfirhy hits you but does no damage.
The sixfirhy attacks as you move away! The sixfirhy hits you.
The sixfirhy shocks you! The sixfirhy attacks as you move away!
The sixfirhy barely misses you. The sixfirhy hits you!
* * * LOW HITPOINT WARNING * * *
The sixfirhy shocks you!
You die...

#..###.#.##
.#.#.........#
..........##.#
..###..#..# ..
#.#.....#...
#.........#
##....###..
###3#.# #
#.@...#
#.####..# #.#
##.# #.# ..
#.# ... #.#
#.# .#


You could see a sixfirhy.

Vanquished Creatures
  An orc priest (D:3)
  2 orc wizards (D:3)
  A gnoll (D:3)
  3 dart slugs
  8 orcs
  7 ball pythons
  5 endoplasms
  4 giant cockroaches
  6 goblins
  6 hobgoblins
  2 quokkas (D:1)
  3 bats
  5 frilled lizards
  2 kobolds
  A rat (D:1)
56 creatures vanquished.

Notes
Turn   | Place    | Note
-------+----------+-------------------------------------------
     0 | D:1      | NinjaNoafa the Ogre Transmuter began the quest for the Orb.
     0 | D:1      | Reached XP level 1. HP: 19/19 MP: 3/3
   345 | D:1      | Reached XP level 2. HP: 22/27 MP: 3/5
   672 | D:1      | Learned a level 2 spell: Wereblood
   826 | D:1      | Reached XP level 3. HP: 33/33 MP: 5/7
  1297 | D:2      | Found a shadowy altar of Dithmenos.
  1536 | D:2      | You fall into a shaft and drop 1 floor!
  1549 | D:3      | Found a hide-covered altar of Uskayaw.
  2381 | D:3      | Reached XP level 4. HP: 44/44 MP: 8/8
  2831 | D:3      | Reached XP level 5. HP: 53/53 MP: 6/9
  2927 | Abyss:1  | Cast into level 1 of the Abyss (gnoll)
  2957 | Abyss:1  | Noticed a sixfirhy
  2964 | Abyss:1  | Slain by a sixfirhy

Illustrated notes

Levels and vault maps discovered:
D:1:      kilobyte_arrival_exit_the_forest, layout_loops_ring,
          chequers_serial_rivers_small_3
D:2:      layout_loops_ring, basic_altar, minmay_misc_feat_roman,
          ebering_dispersal_statue_hall, hangedman_abyss_or_decor_lesser_grid,
          chequers_big_river
D:3:      layout_loops_corners, nicolae_overflow_crystal_walls,
          basic_ecumenical_altar
Abyss:1:  base: D:2, evilmike_abyss_exit_vortex

Skill      XL: |  1  2  3  4 |
---------------+-------------+-----
Transmutations | 2 |  2.8
Spellcasting   | 3 |  3.6
Dodging        | 2 3 |  3.0
Fighting       | 2 3 |  3.0
Unarmed Combat | 3 |  3.0

Action                   |  1- 3 |  4- 6 || total
-------------------------+-------+-------++-------
Melee: Unarmed           |   114 |    43 ||   157
       Kick              |    22 |    10 ||    32
       Punch             |     3 |       ||     3
       Headbutt          |    15 |     5 ||    20
 Cast: Beastly Appendage |    30 |     5 ||    35
       Wereblood         |       |     3 ||     3
  Use: Potion            |       |     1 ||     1
Armor: Robe              |    40 |     7 ||    47
       Skin              |       |    11 ||    11
Dodge: Dodged            |    73 |    13 ||    86

Table legend: (Time is in decaauts)
 A = Elapsed time spent in this place.
 B = Non-inter-level travel time spent in this place.
 C = Inter-level travel time spent in this place.
 D = Time resting spent in this place.
 E = Time spent auto-exploring this place.
 F = Levels seen in this place.
 G = Mean time per level.
                   A        B        C        D        E       F      G
               +--------+--------+--------+--------+--------+-----+--------+
         Total |   2953 |   2890 |     63 |      0 |   2425 |   4 |  738.2 |
       Dungeon |   2917 |   2854 |     63 |      0 |   2405 |   3 |  972.3 |
         Abyss |     36 |     36 |      0 |      0 |     20 |   1 |   36.0 |
               +--------+--------+--------+--------+--------+-----+--------+

Top non-repeatable levels by time:
     D:1: 1038 daAuts
     D:2: 994 daAuts
     D:3: 884 daAuts
 Abyss:1: 36 daAuts
